[Event "Titled Tuesday Blitz February 07 Late 2023"]
[White "ArchibaldCerveza29"]
[Black "Gerbelli Neto, Eduardo"]
[BlackFideId "2103281"]
[WhiteElo "2520"]
[BlackElo "2114"]
[Result "1-0"]
[Round "09"]
[TimeControl "180+2"]
[Date "2023.02.07"]
[WhiteClock "0:00:11"]
[BlackClock "0:00:03"]

1. e4 e5 2. Nf3 Nc6 3. d4 exd4 4. Bc4 Nf6 5. O-O Nxe4 6. Re1 d5 7. Bxd5 Qxd5 8. Nc3 Qa5 9. Nxe4 Be6 10. Bg5 Be7 11. Bxe7 Nxe7 12. Qxd4 O-O 13. Neg5 Nf5 14. Qf4 Rae8 15. Re5 Qb6 16. Rxf5 Bxf5 17. Qxf5 g6 18. Qf4 Qxb2 19. Rf1 Qxc2 20. h4 h6 21. Nh3 Kh7 22. Rc1 Qxa2 23. Rxc7 b5 24. Qf6 Qb1+ 25. Kh2 Qf5 26. Qc3 a6 27. Ra7 Rc8 28. Qd4 Rc6 29. Ne5 Re6 30. Nd7 Rd8 31. Qb4 Kg8 32. Nc5 Re5 33. Nb7 Rde8 34. Nd6 Re4 35. Qd2 Qe5+ 36. f4 Qe6 37. Nxe8 Qxe8 38. Qd5 Re1 39. Ra8 1-0


[Site "https://www.chess.com"]

[Event "Titled Tuesday Blitz February 07 Late 2023"]
[White "Rian, Kapriaga"]
[Black "Reprintsev, Alexander"]
[WhiteFideId "7103263"]
[BlackFideId "14100541"]
[WhiteElo "2089"]
[BlackElo "2253"]
[Result "0-1"]
[Round "09"]
[TimeControl "180+2"]
[Date "2023.02.07"]
[WhiteClock "0:00:02"]
[BlackClock "0:00:20"]

1. d4 d5 2. Nf3 Nc6 3. Bf4 Bg4 4. e3 e6 5. h3 Bf5 6. Bd3 Bxd3 7. cxd3 Bd6 8. Bg5 f6 9. Bh4 g5 10. Bg3 Bxg3 11. fxg3 Qd6 12. Kf2 h5 13. Nc3 O-O-O 14. Rc1 a6 15. Na4 Nge7 16. Nc5 Nf5 17. Qb3 Qxg3+ 18. Kg1 Na5 19. Qb4 Nxe3 20. Rh2 b6 21. Nxa6 Kb7 22. Nc5+ Ka7 23. Qb5 Rd6 24. b4 bxc5 25. Qxa5+ Ra6 26. Qxc5+ Kb8 27. Ne5 Nc4 28. Nxc4 dxc4 29. Qxc4 Rxa2 0-1


[Site "https://www.chess.com"]

[Event "Titled Tuesday Blitz February 07 Late 2023"]
[White "Van Dael, Siem"]
[Black "Dragomirescu, Angela"]
[WhiteFideId "1049771"]
[BlackFideId "1209914"]
[WhiteElo "2319"]
[BlackElo "2130"]
[Result "1-0"]
[Round "09"]
[TimeControl "180+2"]
[Date "2023.02.07"]
[WhiteClock "0:00:35"]
[BlackClock "0:00:23"]

1. e4 e5 2. Nf3 Nc6 3. Bc4 Bc5 4. c3 Nf6 5. d4 exd4 6. b4 Bb6 7. e5 d5 8. exf6 dxc4 9. Qe2+ Be6 10. b5 Na5 11. cxd4 Qxf6 12. O-O O-O 13. Bg5 Qf5 14. Nc3 Rfe8 15. Rfe1 h6 16. Be3 Rad8 17. Rad1 Bd5 18. Ne5 c6 19. a4 cxb5 20. axb5 f6 21. Nxd5 Rxd5 22. Nxc4 Nxc4 23. Qxc4 Rd8 24. Rd2 Kh7 25. h3 Rxb5 26. Red1 Rbd5 27. Kh2 h5 28. g3 R8d7 29. h4 Qe4 30. Kg1 Qg6 31. Kh2 Bc7 32. Qb3 Qg4 33. Kg2 Qe4+ 34. f3 Qg6 35. Bf2 b5 36. Rc2 Bb6 37. Rc8 Rd8 38. Rxd8 Rxd8 39. Qxb5 Qc2 40. Qxh5+ Kg8 41. Re1 Bxd4 42. Re8+ Rxe8 43. Qxe8+ Kh7 44. Qh5+ Kg8 45. Qd5+ Kh7 46. Qxd4 a5 47. Qe4+ Qxe4 48. fxe4 a4 49. Bd4 1-0


[Site "https://www.chess.com"]

[Event "Titled Tuesday Blitz February 07 Late 2023"]
[White "Ruiz Aguilar, Pablo Alexander"]
[Black "Vega Gutierrez, Sabrina"]
[WhiteFideId "4401352"]
[BlackFideId "2219026"]
[WhiteElo "2161"]
[BlackElo "2377"]
[Result "1-0"]
[Round "09"]
[TimeControl "180+2"]
[Date "2023.02.07"]
[WhiteClock "0:01:13"]
[BlackClock "0:00:04"]

1. e4 c5 2. Nf3 e6 3. d4 cxd4 4. Nxd4 Nf6 5. Nc3 d6 6. Be3 Be7 7. Be2 O-O 8. O-O Nc6 9. f4 e5 10. Nxc6 bxc6 11. fxe5 dxe5 12. Qxd8 Bxd8 13. Kh1 Bb6 14. Bg5 Nd7 15. Bc4 Bc5 16. Rxf7 Rxf7 17. Rf1 Nf6 18. Bxf6 gxf6 19. Rxf6 Rb8 20. Rxf7 Kh8 21. b3 Bb4 22. Ne2 Bg4 23. h3 Bh5 24. Rxa7 Rd8 25. Ng3 Rd1+ 26. Kh2 Bg6 27. Nf5 Bxf5 28. exf5 Bd2 29. f6 Bf4+ 30. g3 Rd2+ 31. Kh1 Rd1+ 32. Kg2 Rd2+ 33. Kf3 1-0


[Site "https://www.chess.com"]

[Event "Titled Tuesday Blitz February 07 Late 2023"]
[White "Yeritsyan, Hayk"]
[Black "Volkmann, Andre Jordi"]
[WhiteFideId "13307320"]
[BlackFideId "2154463"]
[WhiteElo "2241"]
[BlackElo "2158"]
[Result "1-0"]
[Round "09"]
[TimeControl "180+2"]
[Date "2023.02.07"]
[WhiteClock "0:00:57"]
[BlackClock "0:00:25"]

1. d4 Nf6 2. Nf3 e6 3. e3 c5 4. Bd3 b6 5. c3 Bb7 6. Nbd2 d5 7. Ne5 Nbd7 8. f4 Be7 9. O-O O-O 10. Qf3 Ne4 11. Nxe4 dxe4 12. Bxe4 Bxe4 13. Qxe4 Nf6 14. Qf3 Qc7 15. Bd2 Rac8 16. Be1 Rfd8 17. Bh4 b5 18. Bxf6 Bxf6 19. a3 a5 20. Nd3 cxd4 21. exd4 Qc4 22. Ne5 Qb3 23. Nd3 h6 24. Qd1 Qc4 25. Qe2 Rd5 26. Rae1 Qb3 27. Ne5 Bxe5 28. fxe5 Rc7 29. Rf3 Qa2 30. Qf2 b4 31. axb4 axb4 32. h3 bxc3 33. bxc3 Qc4 34. Ree3 Ra5 35. Kh2 Ra2 36. Qg3 Ra1 37. Re1 Ra3 38. Ree3 Qa4 39. Qg4 Ra1 40. Rg3 g6 41. Rgf3 Qd1 42. Qf4 Qh1+ 43. Kg3 Rg1 44. Rf2 h5 45. Qf6 Re1 46. Rxe1 Qxe1 47. Qd8+ Kg7 48. Qxc7 Qe3+ 49. Rf3 Qg5+ 50. Kh2 h4 51. Qxf7+ Kh6 52. Qf4 1-0


[Site "https://www.chess.com"]

[Event "Titled Tuesday Blitz February 07 Late 2023"]
[White "Jimenez Almeida, Luis David"]
[Black "Gurevich, Ilya"]
[WhiteFideId "22242244"]
[BlackFideId "2000628"]
[WhiteElo "2242"]
[BlackElo "2586"]
[Result "1-0"]
[Round "09"]
[TimeControl "180+2"]
[Date "2023.02.07"]
[WhiteClock "0:00:50"]
[BlackClock "0:00:01"]

1. e4 c5 2. Nc3 Nc6 3. Nge2 e6 4. g3 d5 5. Bg2 d4 6. Nb1 e5 7. d3 Nf6 8. O-O Be7 9. a4 h5 10. h3 Be6 11. f4 Qc7 12. Na3 a6 13. f5 Bd7 14. Nc4 b6 15. c3 Rb8 16. Qc2 b5 17. axb5 axb5 18. Na3 Qb6 19. Bd2 h4 20. g4 Nh7 21. Qc1 dxc3 22. Nxc3 c4+ 23. Kh1 cxd3 24. Nd5 Qd4 25. Be3 Qa4 26. Nxb5 Qb3 27. Nbc7+ Kd8 28. Na6 Ra8 29. Nc5 1-0


[Site "https://www.chess.com"]

[Event "Titled Tuesday Blitz February 07 Late 2023"]
[White "Bjelobrk, Igor"]
[Black "Toktomushev, Teimur"]
[WhiteFideId "4300726"]
[BlackFideId "14176726"]
[WhiteElo "2403"]
[BlackElo "2239"]
[Result "0-1"]
[Round "09"]
[TimeControl "180+2"]
[Date "2023.02.07"]
[WhiteClock "0:00:35"]
[BlackClock "0:00:04"]

1. d4 d5 2. c4 e6 3. g3 Nf6 4. Bg2 Bb4+ 5. Nd2 O-O 6. a3 Bxd2+ 7. Qxd2 Nbd7 8. Nf3 b6 9. cxd5 Nxd5 10. O-O Bb7 11. Qc2 c5 12. dxc5 Rc8 13. b4 bxc5 14. b5 h6 15. e4 N5f6 16. Re1 c4 17. e5 Nd5 18. Qe4 Nc5 19. Qxc4 Qa5 20. Bd2 Qb6 21. Qg4 Nd3 22. Bxh6 Qxf2+ 23. Kh1 Qxe1+ 24. Rxe1 Nf2+ 25. Kg1 Nxg4 26. Bd2 Rc2 27. a4 Nb6 28. Bb4 Rd8 29. a5 Nc4 30. a6 Ba8 31. Bc5 Bxf3 32. Bxf3 Ncxe5 33. Bxg4 Rxc5 34. Be2 Rb8 35. Rd1 Rcxb5 36. Bxb5 Rxb5 37. Rd8+ Kh7 38. Ra8 Nc6 39. Rc8 Rb6 40. Rc7 Kg6 0-1


[Site "https://www.chess.com"]

[Event "Titled Tuesday Blitz February 07 Late 2023"]
[White "Cuenca Jimenez, Jose Fernando"]
[Black "Melikhov, Evgeny V."]
[WhiteFideId "2255570"]
[BlackFideId "4122046"]
[WhiteElo "2535"]
[BlackElo "2269"]
[Result "1-0"]
[Round "09"]
[TimeControl "180+2"]
[Date "2023.02.07"]
[WhiteClock "0:00:05"]
[BlackClock "0:00:06"]

1. d4 Nf6 2. c4 e6 3. Nf3 d5 4. Nc3 Bb4 5. cxd5 exd5 6. Bg5 h6 7. Bh4 c5 8. dxc5 g5 9. Bg3 Qa5 10. Be5 Nbd7 11. Bd4 Bxc5 12. e3 Bxd4 13. Qxd4 Qc5 14. Bb5 Qxd4 15. Nxd4 a6 16. Bxd7+ Bxd7 17. O-O Be6 18. Rac1 Ke7 19. Na4 Ne4 20. Rc7+ Kd6 21. Rxb7 Rhb8 22. Rxb8 Rxb8 23. Rc1 Rc8 24. Rxc8 Bxc8 25. f3 Nd2 26. b3 Nb1 27. Kf2 Bd7 28. Nb2 Na3 29. Ke2 Bb5+ 30. Kd2 Bf1 31. g3 Kc5 32. Na4+ Kb4 33. Nc3 Kc5 34. h4 gxh4 35. gxh4 a5 36. Nf5 Bg2 37. Ke2 Nc2 38. Nxh6 d4 39. Ne4+ Kd5 40. exd4 Nxd4+ 41. Ke3 Bxf3 42. Nc3+ Kc5 43. Nxf7 Bh5 44. Ne5 Nf5+ 45. Kf4 Nxh4 46. Nd3+ Kd4 47. Nb2 Kxc3 48. Nc4 Bf7 49. Nxa5 Kb4 50. Nc6+ Ka3 51. b4 Bxa2 52. b5 Bd5 53. Ke5 Bg2 54. Kd6 Ng6 55. b6 Ne7 56. Nxe7 Ka4 57. Kc7 Ka5 58. Nc6+ Kb5 59. b7 Bxc6 60. b8=Q+ Kc5 61. Qb6+ Kc4 62. Qxc6+ 1-0


[Site "https://www.chess.com"]

[Event "Titled Tuesday Blitz February 07 Late 2023"]
[White "Sadovsky, Artem"]
[Black "Kalajzic, Ivan"]
[WhiteFideId "4155840"]
[BlackFideId "14506378"]
[WhiteElo "2276"]
[BlackElo "2062"]
[Result "1-0"]
[Round "09"]
[TimeControl "180+2"]
[Date "2023.02.07"]
[WhiteClock "0:00:22"]
[BlackClock "0:00:01"]

1. Nf3 Nc6 2. e3 e5 3. d4 g6 4. d5 e4 5. Nfd2 Nb8 6. Nxe4 Bg7 7. d6 Nf6 8. dxc7 Qxc7 9. Nd6+ Kf8 10. Nc3 a6 11. Nxc8 Qxc8 12. Qd6+ Kg8 13. Bd2 Nc6 14. Be2 Qb8 15. Qxb8+ Rxb8 16. O-O-O h6 17. e4 Kh7 18. f4 d6 19. Bf3 Nd4 20. Be3 Nxf3 21. gxf3 Rhd8 22. Bb6 Rd7 23. Bd4 b5 24. Rd3 b4 25. Bxf6 Bxf6 26. Nd5 Bd8 27. Rhd1 a5 28. Ne3 Be7 29. Nc4 a4 30. Nxd6 a3 31. b3 Kg8 32. Nc4 Rxd3 33. cxd3 Bh4 34. d4 Bf2 35. d5 Kf8 36. d6 Rd8 37. Kc2 f6 38. e5 Kf7 39. Rd2 Bc5 40. Re2 Ke6 41. Kd3 f5 42. Rg2 1-0


[Site "https://www.chess.com"]

[Event "Titled Tuesday Blitz February 07 Late 2023"]
[White "Miszler, Levente"]
[Black "Yedidia, Daniel"]
[WhiteFideId "763276"]
[BlackFideId "30905907"]
[WhiteElo "2271"]
[BlackElo "2041"]
[Result "1/2-1/2"]
[Round "09"]
[TimeControl "180+2"]
[Date "2023.02.07"]
[WhiteClock "0:00:17"]
[BlackClock "0:00:03"]

1. Nf3 Nf6 2. c4 Nc6 3. Nc3 e5 4. d3 Bb4 5. Bd2 d5 6. Nxd5 Bxd2+ 7. Qxd2 Nxd5 8. cxd5 Qxd5 9. g3 Be6 10. Bg2 Qd6 11. O-O Rd8 12. Qc3 f6 13. Rac1 Bd5 14. b3 O-O 15. Rfd1 Rd7 16. e3 Be6 17. d4 e4 18. Nd2 f5 19. Nc4 Bxc4 20. bxc4 Qb4 21. Qxb4 Nxb4 22. f3 Nxa2 23. Ra1 Nc3 24. Rd2 exf3 25. Bxf3 b6 26. Rxa7 Re7 27. Kf2 g5 28. Rc2 Ne4+ 29. Bxe4 fxe4+ 30. Kg2 Rf3 31. c5 bxc5 32. Rxc5 h6 33. Rcxc7 Rxc7 34. Rxc7 Rxe3 35. Re7 Kf8 36. Re5 Kg7 37. d5 Re2+ 38. Kg1 Kf6 39. Re6+ Kf5 40. Rxh6 e3 41. d6 Kg4 42. d7 Rd2 43. Kf1 Rxd7 44. Ke2 Re7 45. h4 gxh4 46. gxh4 Kf4 47. Rh8 Rg7 48. Rf8+ Kg4 49. Kxe3 Kxh4 50. Rf4+ Rg4 1/2-1/2


[Site "https://www.chess.com"]

[Event "Titled Tuesday Blitz February 07 Late 2023"]
[White "Kostiukov, Alexandr"]
[Black "Vovk, Orest"]
[WhiteFideId "14108100"]
[BlackFideId "14113490"]
[WhiteElo "2271"]
[BlackElo "2315"]
[Result "0-1"]
[Round "09"]
[TimeControl "180+2"]
[Date "2023.02.07"]
[WhiteClock "0:00:31"]
[BlackClock "0:00:11"]

1. g3 g5 2. h4 g4 3. Bg2 Bg7 4. c4 h5 5. Nc3 c5 6. e3 Nc6 7. Nge2 Ne5 8. d3 d6 9. Nf4 Nf6 10. O-O Rb8 11. d4 Nf3+ 12. Kh1 Nxh4 13. gxh4 e5 14. dxe5 Nd7 15. e6 Qxh4+ 16. Kg1 Be5 17. exd7+ Bxd7 18. Ncd5 Bc6 19. Rb1 Rg8 20. Re1 g3 21. f3 Qh2+ 22. Kf1 h4 23. Nh3 Bd7 24. Ndf4 Rg6 25. Qd3 Bxf4 26. exf4+ Kf8 27. f5 Rf6 28. Bg5 Bxf5 29. Re4 Bxh3 30. Bxf6 Qxg2+ 31. Ke1 Qf2+ 32. Kd1 g2 33. Qxd6+ Kg8 34. Qxb8+ Kh7 35. Rxh4+ Kg6 36. Rh6+ Kxh6 37. Qh8+ Kg6 38. Qg7+ Kf5 39. Qg5+ Ke6 40. Qe5+ Kd7 41. Qe7+ Kc6 42. Qe4+ Kb6 43. Bd8+ Ka6 0-1


[Site "https://www.chess.com"]

[Event "Titled Tuesday Blitz February 07 Late 2023"]
[White "reevecanada"]
[Black "Gomes, Luiz Alexandre de Souza"]
[BlackFideId "2102790"]
[WhiteElo "2474"]
[BlackElo "2254"]
[Result "1/2-1/2"]
[Round "09"]
[TimeControl "180+2"]
[Date "2023.02.07"]
[WhiteClock "0:01:39"]
[BlackClock "0:00:17"]

1. e4 c5 2. Nf3 d6 3. Bb5+ Nd7 4. Bxd7+ Bxd7 5. O-O e6 6. b3 Nf6 7. Bb2 Be7 8. e5 dxe5 9. Nxe5 O-O 10. Nc3 Qc7 11. Re1 Rfd8 12. Ne4 Nxe4 13. Rxe4 Bc6 14. Rg4 g6 15. Nxc6 Qxc6 16. Qe2 Qd5 17. Rd1 Bf8 18. d4 Bg7 19. c4 Qf5 20. h3 h5 21. Re4 Rd7 22. Rd3 cxd4 23. Bxd4 Rad8 24. Rf3 Qa5 25. Bxg7 Kxg7 26. Qb2+ Kg8 27. Ref4 Qc7 28. g3 e5 29. Re4 Rd4 30. Qe2 Rxe4 31. Qxe4 b6 32. Re3 Re8 33. f4 Qd7 34. Kg2 Qd2+ 35. Re2 Qc3 36. fxe5 Re6 37. Qe3 Qa1 38. Qf4 Qd1 39. Rf2 Qd7 40. g4 hxg4 41. hxg4 Kg7 42. Kg3 Qd3+ 43. Kh4 Qd7 44. Rh2 Qd3 45. g5 a5 46. Rf2 Qd7 47. Rd2 Qe7 48. Rd5 Qe8 49. Kg4 Rc6 50. Rd6 Rxd6 51. exd6 Qe2+ 52. Kg3 Qd3+ 53. Kh4 Qd1 54. Qf6+ Kg8 55. Qd8+ Kg7 56. d7 Qd4+ 57. Kg3 Qe3+ 58. Kg4 Qe4+ 59. Kg3 Qe3+ 60. Kg2 Qe2+ 61. Kg3 Qe3+ 1/2-1/2


[Site "https://www.chess.com"]

[Event "Titled Tuesday Blitz February 07 Late 2023"]
[White "Marczuk, Dominik"]
[Black "Todev, Simeon"]
[WhiteFideId "1111264"]
[BlackFideId "2925133"]
[WhiteElo "2253"]
[BlackElo "2033"]
[Result "1-0"]
[Round "09"]
[TimeControl "180+2"]
[Date "2023.02.07"]
[WhiteClock "0:00:11"]
[BlackClock "0:00:18"]

1. e4 c5 2. Nf3 Nc6 3. d4 cxd4 4. Nxd4 e5 5. Nb5 a6 6. Nd6+ Bxd6 7. Qxd6 Qf6 8. Qxf6 Nxf6 9. f3 b5 10. a4 b4 11. Be3 Bb7 12. a5 Rc8 13. Bd3 d5 14. exd5 Nxd5 15. Kf2 O-O 16. Nd2 Rfd8 17. Nc4 b3 18. cxb3 Nxe3 19. Kxe3 Nd4 20. Nb6 Rc6 21. Be4 Rcd6 22. Bxb7 Nc2+ 23. Kf2 Rd2+ 24. Kg3 Nxa1 25. Rxa1 Rxb2 26. Bxa6 Rxb3 27. Bc4 Rb4 28. a6 Rxb6 29. a7 Ra8 30. Bd5 Rbb8 31. axb8=Q+ Rxb8 32. Ra7 Rf8 33. Re7 Rd8 34. Rxe5 Kf8 35. Be4 f6 36. Ra5 h6 37. Ra7 Rd6 38. h4 Re6 39. h5 Re5 40. Kg4 Rg5+ 41. Kh4 Rxg2 42. Bg6 Re2 43. Rf7+ Kg8 44. Rd7 Kf8 45. Rd8+ Ke7 46. Re8+ Kd6 47. Rxe2 f5 48. Kg3 Kd5 49. Kf4 Kd4 50. Re5 Kd3 51. Rxf5 Kd2 52. Rf7 Ke1 53. Rxg7 Kf2 54. Rh7 Kg1 55. Rxh6 Kh2 56. Rh7 Kh3 57. Rd7 Kh4 58. Rd1 Kh3 59. Rd2 Kh4 60. Rh2# 1-0


[Site "https://www.chess.com"]

[Event "Titled Tuesday Blitz February 07 Late 2023"]
[White "Bozorov, Makhsum"]
[Black "Jenkins, Drake"]
[WhiteFideId "14201330"]
[BlackFideId "2022397"]
[WhiteElo "2145"]
[BlackElo "2130"]
[Result "1-0"]
[Round "09"]
[TimeControl "180+2"]
[Date "2023.02.07"]
[WhiteClock "0:00:10"]
[BlackClock "0:00:01"]

1. e4 c6 2. d4 d5 3. exd5 cxd5 4. Bd3 Nf6 5. Bf4 Nc6 6. c3 Bg4 7. Qb3 Qc8 8. Nd2 e6 9. Ngf3 Be7 10. O-O O-O 11. Rfe1 a6 12. Ne5 Bh5 13. Qc2 Bg6 14. Nxg6 hxg6 15. h4 Nh5 16. Bg5 Bxg5 17. hxg5 Nf4 18. Bf1 Nxd4 19. Qa4 e5 20. cxd4 Qg4 21. g3 Qxg5 22. dxe5 Ne6 23. Nf3 Qh5 24. Bg2 Rfd8 25. Qh4 Rac8 26. Qxh5 gxh5 27. Rac1 b5 28. Red1 Rxc1 29. Rxc1 d4 30. Bh3 d3 31. Bxe6 fxe6 32. Rd1 Rd5 33. Kf1 Kf8 34. Ne1 Rxe5 35. Nxd3 Rd5 36. Ke2 a5 37. Nf4 Re5+ 38. Kf3 Kf7 39. Rd2 a4 40. a3 Kf6 41. Re2 Rf5 42. Ke3 Re5+ 43. Kd2 Rxe2+ 44. Kxe2 g6 45. Nd3 g5 46. Kf3 Kf5 47. Nb4 e5 48. Nd5 h4 49. gxh4 gxh4 50. Nc7 e4+ 51. Kg2 Ke5 52. Nxb5 Kd5 53. Nc3+ Kc4 54. Nxa4 Kb3 55. Nc5+ Kxb2 56. a4 Kc3 57. a5 Kd4 58. Nxe4 Kxe4 59. a6 1-0


[Site "https://www.chess.com"]

[Event "Titled Tuesday Blitz February 07 Late 2023"]
[White "Nilsen, Tobias Lang"]
[Black "Osmonbekov, Talaibek"]
[WhiteFideId "1521624"]
[BlackFideId "2017253"]
[WhiteElo "2247"]
[BlackElo "2137"]
[Result "0-1"]
[Round "09"]
[TimeControl "180+2"]
[Date "2023.02.07"]
[WhiteClock "0:00:46"]
[BlackClock "0:00:16"]

1. e4 c5 2. Nf3 d6 3. d4 cxd4 4. Qxd4 Nc6 5. Bb5 Bd7 6. Bxc6 bxc6 7. Nc3 Qb6 8. Qxb6 axb6 9. Be3 Ra6 10. O-O e6 11. Rfd1 Nf6 12. h3 Be7 13. Nd2 b5 14. a3 O-O 15. Nf3 Rfa8 16. Rab1 Be8 17. e5 Nd5 18. Nxd5 exd5 19. exd6 Bxd6 20. Nd4 g6 21. Nb3 R6a7 22. Bxa7 Rxa7 23. Re1 Kf8 24. Re2 Bd7 25. Rbe1 c5 26. Rd1 Be6 27. Nc1 d4 28. Nd3 Bc4 29. Ree1 f6 30. Nc1 Be5 31. Nd3 Bd6 32. Rd2 Kf7 33. Rde2 b4 34. axb4 cxb4 35. b3 Bxd3 36. cxd3 Ra3 37. Rb1 h5 38. Rc2 Ke6 39. Rc8 g5 40. Kf1 h4 41. Rc2 Kd5 42. Ke2 Ra8 43. Kf3 f5 44. g3 hxg3 45. fxg3 Rh8 46. Rh1 Re8 47. Re2 Rc8 48. h4 g4+ 49. Kg2 Rc3 50. Rd2 f4 51. gxf4 Bxf4 52. Rdd1 Rc2+ 53. Kf1 g3 54. Rg1 Rh2 55. Re1 Rf2# 0-1


[Site "https://www.chess.com"]

[Event "Titled Tuesday Blitz February 07 Late 2023"]
[White "Cueto, Jonny"]
[Black "Sarkar, Justin"]
[WhiteFideId "3300145"]
[BlackFideId "2010011"]
[WhiteElo "2122"]
[BlackElo "2309"]
[Result "0-1"]
[Round "09"]
[TimeControl "180+2"]
[Date "2023.02.07"]
[WhiteClock "0:00:02"]
[BlackClock "0:00:17"]

1. d4 Nf6 2. Bf4 d5 3. e3 c5 4. Nf3 Nc6 5. Nbd2 g6 6. h4 Bg7 7. c3 Qb6 8. Qc1 Bf5 9. Ne5 Ne4 10. Nxe4 dxe4 11. Nxc6 Qxc6 12. Qd2 h5 13. Be2 O-O 14. g4 Bxg4 15. Bxg4 hxg4 16. h5 cxd4 17. exd4 e3 18. Qxe3 Qxh1+ 19. Kd2 Qxa1 20. hxg6 fxg6 21. Qe6+ Rf7 22. Kc2 Qf1 23. Be3 Qe2+ 24. Kb3 Rd8 25. a3 Rd6 26. Qc8+ Rf8 27. Qc5 Rb6+ 28. Ka4 Qc2+ 29. Ka5 Ra6+ 30. Kb5 Qa4# 0-1


[Site "https://www.chess.com"]

[Event "Titled Tuesday Blitz February 07 Late 2023"]
[White "CheckBits"]
[Black "Ward, Ieuan C"]
[BlackFideId "406627"]
[WhiteElo "2403"]
[BlackElo "2028"]
[Result "1-0"]
[Round "09"]
[TimeControl "180+2"]
[Date "2023.02.07"]
[WhiteClock "0:01:23"]
[BlackClock "0:01:13"]

1. e4 d5 2. exd5 Qxd5 3. Nc3 Qd6 4. d4 Nf6 5. g3 Bg4 6. Qd3 e6 7. Bf4 Qd8 8. Bg2 c6 9. Nf3 Bxf3 10. Bxf3 Bd6 11. Bg5 Nbd7 12. O-O-O h6 13. Bd2 Qc7 14. Kb1 O-O-O 15. Rhe1 Kb8 16. Ne4 Nxe4 17. Qxe4 Nf6 18. Qe2 Ka8 19. c4 c5 20. Be3 cxd4 21. Bxd4 Bc5 22. Be5 Bd6 23. Bc3 Bc5 24. Bg2 Rxd1+ 25. Rxd1 e5 26. Bxe5 Qe7 27. Qf3 Re8 28. Bc3 Qe4+ 29. Qxe4 Nxe4 30. Bxe4 1-0


[Site "https://www.chess.com"]

[Event "Titled Tuesday Blitz February 07 Late 2023"]
[White "Vlassov, Nikolai"]
[Black "Nunez V, Gustavo Eduardo"]
[WhiteFideId "4103360"]
[BlackFideId "4403690"]
[WhiteElo "2283"]
[BlackElo "2212"]
[Result "1-0"]
[Round "09"]
[TimeControl "180+2"]
[Date "2023.02.07"]
[WhiteClock "0:00:16"]
[BlackClock "0:00:14"]

1. g4 d5 2. Bg2 e5 3. d4 e4 4. c4 c6 5. Nc3 Bb4 6. Qb3 Bxc3+ 7. bxc3 Ne7 8. Ba3 O-O 9. cxd5 cxd5 10. Bxe7 Qxe7 11. Qxd5 Bxg4 12. Qxe4 Qxe4 13. Bxe4 Nc6 14. Rb1 Rfe8 15. f3 Bc8 16. Bxc6 bxc6 17. e4 c5 18. Ne2 Ba6 19. Kf2 Rad8 20. Rhd1 Bc4 21. Rb7 Bxa2 22. Rxa7 Bb3 23. Rda1 Bc4 24. d5 Bxe2 25. Kxe2 Rxd5 26. Re7 Rdd8 27. Rxe8+ Rxe8 28. Ra5 Rc8 29. Kd3 c4+ 30. Kd4 g6 31. Rc5 Rd8+ 32. Kxc4 Rd2 33. h4 Rf2 34. h5 gxh5 35. Rg5+ Kf8 36. Rxh5 Kg7 37. Rg5+ Kf6 38. Rf5+ Ke6 39. Kd4 h5 40. Rxh5 Rxf3 41. c4 Rf1 42. c5 Rd1+ 43. Ke3 Rc1 44. Rd5 f6 45. Rh5 Rc3+ 46. Kd4 Rc1 47. Rd5 Rd1+ 48. Kc4 Rc1+ 49. Kb5 Re1 50. Rd4 Ke5 51. Rc4 Rb1+ 52. Ka6 Ra1+ 53. Kb7 Rb1+ 54. Kc8 Ke6 55. c6 Kd6 56. c7 Rh1 57. Kb7 Rb1+ 58. Ka6 Ra1+ 59. Kb5 Rb1+ 60. Ka4 Ra1+ 61. Kb3 Ra8 62. c8=Q Rxc8 63. Rxc8 Ke5 64. Re8+ Kf4 65. Kc4 f5 66. e5 Kg5 67. Rf8 f4 68. e6 f3 69. e7 f2 70. e8=Q f1=Q+ 71. Rxf1 Kh6 72. Qg8 Kh5 73. Rh1# 1-0


[Site "https://www.chess.com"]

[Event "Titled Tuesday Blitz February 07 Late 2023"]
[White "Fathy, Elameir"]
[Black "Womacka, Mathias"]
[WhiteFideId "10600396"]
[BlackFideId "4611390"]
[WhiteElo "2300"]
[BlackElo "2396"]
[Result "1-0"]
[Round "09"]
[TimeControl "180+2"]
[Date "2023.02.07"]
[WhiteClock "0:00:26"]
[BlackClock "0:01:17"]

1. d4 Nf6 2. c4 e6 3. Nf3 Bb4+ 4. Bd2 Qe7 5. e3 b6 6. Bd3 Bb7 7. O-O O-O 8. Nc3 d6 9. Re1 Bxc3 10. Bxc3 Ne4 11. Rc1 f5 12. Nd2 Nxc3 13. Rxc3 e5 14. Bf1 a5 15. c5 dxc5 16. dxc5 Bd5 17. e4 Bxa2 18. b3 a4 19. exf5 axb3 20. Nxb3 Rxf5 21. Qd5+ Qf7 22. Qxa8 1-0


[Site "https://www.chess.com"]

[Event "Titled Tuesday Blitz February 07 Late 2023"]
[White "Seletsky, Grigory"]
[Black "Jeziel_Vale"]
[WhiteFideId "14112191"]
[WhiteElo "2259"]
[BlackElo "2276"]
[Result "1-0"]
[Round "09"]
[TimeControl "180+2"]
[Date "2023.02.07"]
[WhiteClock "0:00:29"]
[BlackClock "0:00:02"]

1. e4 c5 2. Nf3 d6 3. c3 Nf6 4. Bd3 Nc6 5. Bc2 Bg4 6. h3 Bxf3 7. Qxf3 e6 8. O-O Be7 9. Qd1 Rc8 10. Re1 O-O 11. d4 cxd4 12. cxd4 Nxd4 13. Qxd4 Rxc2 14. Nc3 Qb6 15. Qxb6 axb6 16. Rd1 Rd8 17. Rd2 Rxd2 18. Bxd2 b5 19. f3 b4 20. Nb5 d5 21. e5 Nd7 22. f4 Rc8 23. Rc1 Rxc1+ 24. Bxc1 f6 25. exf6 Nxf6 26. Kf1 Ne4 27. Ke2 Bf6 28. g4 g6 29. Nc7 Kf7 30. f5 gxf5 31. gxf5 Ng3+ 32. Kd3 Nxf5 33. b3 Be5 34. Nb5 Nd6 35. Nc7 Ne4 36. Nb5 Nf2+ 37. Ke2 Nxh3 38. Bd2 Nf4+ 39. Ke3 h5 40. Bxb4 h4 41. Nd6+ Bxd6 42. Bxd6 Ng6 43. a4 e5 44. b4 Ke6 45. Bc5 h3 46. Kf3 Nf4 47. Kg3 d4 48. a5 Kd5 49. Bb6 Kc6 50. Ba7 Kb5 51. Bb8 Nd3 52. Kxh3 Kxb4 53. Bc7 Kb5 54. Kg2 e4 55. Bd8 Nc5 56. Bf6 d3 57. Kf2 Kc4 58. Ke3 Kd5 59. Be7 Nb3 60. Bb4 d2 61. Bxd2 Nxd2 62. Kxd2 Kd4 63. Ke2 1-0


[Site "https://www.chess.com"]

[Event "Titled Tuesday Blitz February 07 Late 2023"]
[White "Mazurkiewicz, Michal"]
[Black "Talbi, Chafik"]
[WhiteFideId "1124943"]
[BlackFideId "7903715"]
[WhiteElo "2145"]
[BlackElo "2224"]
[Result "1-0"]
[Round "09"]
[TimeControl "180+2"]
[Date "2023.02.07"]
[WhiteClock "0:01:57"]
[BlackClock "0:00:49"]

1. e4 d6 2. d4 e5 3. dxe5 dxe5 4. Qxd8+ Kxd8 5. Bc4 f6 6. Nc3 c6 7. f3 Bc5 8. Nh3 Ke7 9. Nf2 Be6 10. Bxe6 Kxe6 11. Nd3 Bd4 12. Ke2 Nd7 13. Be3 Bxc3 14. bxc3 b5 15. a4 Ne7 16. axb5 cxb5 17. Ra6+ Kf7 18. Bxa7 Rhc8 19. Kd2 Rc7 20. Rha1 Nc6 21. Be3 Rxa6 22. Rxa6 Ke7 23. Nb4 Nxb4 24. cxb4 Rc4 25. c3 Rc7 26. Kd3 Nb8 27. Rb6 Rd7+ 28. Kc2 Nc6 29. Rxc6 1-0


[Site "https://www.chess.com"]

[Event "Titled Tuesday Blitz February 07 Late 2023"]
[White "Tinmaz, Kerem"]
[Black "Matko, Ognjen"]
[WhiteFideId "44559151"]
[BlackFideId "14509717"]
[WhiteElo "2177"]
[BlackElo "2295"]
[Result "0-1"]
[Round "09"]
[TimeControl "180+2"]
[Date "2023.02.07"]
[WhiteClock "0:00:03"]
[BlackClock "0:00:53"]

1. e4 e5 2. Nf3 Nc6 3. Bb5 a6 4. Bxc6 dxc6 5. O-O Bg4 6. h3 h5 7. d3 Qf6 8. Be3 Ne7 9. Nbd2 Ng6 10. hxg4 hxg4 11. Ng5 Nf4 12. Bxf4 Qxf4 13. g3 Qxg5 14. Kg2 Bc5 15. Nc4 O-O-O 16. b4 Ba7 17. Rh1 f5 18. Nxe5 Qf6 19. Nc4 Rxh1 20. Qxh1 fxe4 21. Rf1 exd3 22. cxd3 Rxd3 23. Qh5 Qf3+ 24. Kh2 Rd5 25. Qe8+ Rd8 26. Qe6+ Kb8 0-1


[Site "https://www.chess.com"]